 Dungeon Crawl Stone Soup version 0.26-b1-32-g5d43845318 (webtiles) character file.

Game seed: 11289523728641107189

2118 grulito the Cleaver (level 9, 0/73 HPs)
             Began as a Minotaur Berserker on Jan 9, 2021.
             Was a High Priest of Trog.
             Shot with an arrow by a centaur (6 damage)
             ... on level 6 of the Dungeon.
             The game lasted 00:22:15 (5491 turns).

grulito the Cleaver (Minotaur Berserker)            Turns: 5491, Time: 00:22:16

Health: 0/73       AC:  7    Str: 29    XL:     9   Next: 8%
Magic:  8/8        EV:  9    Int:  4    God:    Trog [*****.]
Gold:   303        SH: 10    Dex: 18    Spells: 8/8 levels left

rFire    . . .     SeeInvis .   a - +0 hand axe
rCold    . . .     Faith    .   t - +0 kite shield
rNeg     . . .     Spirit   .   s - +1 scale mail
rPois    .         Reflect  .   (helmet restricted)
rElec    .         Harm     .   (no cloak)
rCorr    .         Rampage  .   (no gloves)
Will     .....                  (no boots)
Stlth    ..........             (no amulet)
HPRegen  0.22/turn              w - +6 ring of strength
MPRegen  0.11/turn              v - +6 ring of dexterity

@: berserk cooldown, slowed, very slow
A: retaliatory headbutt, horns 2
a: Renounce Religion, Berserk, Trog's Hand, Brothers in Arms


You were on level 6 of the Dungeon.
You worshipped Trog.
Trog was extremely pleased with you.
You visited 1 branch of the dungeon, and saw 6 of its levels.
You also visited: Ossuary.

You collected 303 gold pieces.

Inventory:

Hand Weapons
 a - a +0 hand axe (weapon)
 k - a +4 spear of freezing
 l - a +3 halberd
Armour
 b - a +0 animal skin
 e - a +0 leather armour
 i - a +0 ring mail
 s - a +1 scale mail (worn)
 t - a +0 kite shield (worn)
 G - a +0 pair of boots
Jewellery
 c - an uncursed ring of protection from cold
 v - a +6 ring of dexterity (right hand)
 w - a +6 ring of strength (left hand)
 y - an uncursed ring of fire {unknown}
 E - an uncursed ring of positive energy {unknown}
 F - a cursed ring of attention {unknown}
Wands
 d - a wand of polymorph (8)
 r - a wand of random effects (36)
 x - a wand of flame (7)
Scrolls
 h - a scroll of enchant armour
 j - a scroll of amnesia {unknown}
 n - 3 scrolls of identify
 q - 3 scrolls of remove curse
 D - 2 scrolls of teleportation
Potions
 f - 2 potions of attraction
 g - 2 potions of lignification
 m - 3 potions of curing
 o - a potion of berserk rage
 p - a potion of flight {unknown}
 u - 2 potions of resistance
 z - 3 potions of might {unknown}
 A - 3 potions of mutation {unknown}
 B - 2 potions of magic {unknown}
 C - 2 potions of heal wounds {unknown}


   Skills:
 * Level 4.9 Fighting
 * Level 13.5 Axes
 - Level 2.4 Armour
 - Level 2.1 Dodging
 - Level 0.5 Stealth
 + Level 1.5 Shields
 + Level 0.1 Evocations


You had 8 spell levels left.
You didn't know any spells.
Your spell library was empty.

Dungeon Overview and Level Annotations

Branches:
Dungeon (6/15)             Temple (0/1) D:4         Ossuary (visited)

Altars:
Ashenzari
Beogh

Annotations:
D:3 3 runed translucent doors, skk's ghost, amateur TeGl


Innate Abilities, Weirdness & Mutations

You reflexively headbutt those who attack you in melee.
You have a pair of horns on your head.


Message History

The centaur shoots an arrow.
The arrow hits you.
You can move again.
You see here 6 arrows.
The centaur shoots an arrow.
The arrow hits you.
The centaur shoots an arrow.
The arrow hits you.
* * * LOW HITPOINT WARNING * * *
You see here 2 arrows.
You feel better.
The centaur shoots an arrow.
You block the arrow.
The centaur shoots an arrow.
The arrow hits you.
* * * LOW HITPOINT WARNING * * *
The centaur shoots an arrow.
The arrow completely misses you.
The centaur zaps a wand.
You easily resist.
You see here an arrow.
The centaur shoots an arrow.
The arrow hits you.
* * * LOW HITPOINT WARNING * * *
The centaur shoots an arrow.
The arrow hits you!
* * * LOW HITPOINT WARNING * * *
You see here 2 arrows.
The centaur shoots an arrow.
The arrow hits you.
You die...

#
#.###...#.........#
#.c....###........#
......## #(((.....#
......## ####c†.###
###.### #.(.# #.#
##(## #.# #.# #.#
#.#
#>############@#
###..............#
.....<.#########.#
.#####.# #.# #.#
#.# #.# #.#
#.#########.#
#...........#
#############


You could see a centaur.

Vanquished Creatures
  Grinder (D:5)
  A black bear (D:6)
  A necrophage (D:5)
  An orc warrior (D:6)
  An ice beast (D:5)
  A centaur (D:6)
  2 ogres
  A phantom (D:5)
  A bullfrog (D:6)
  3 elf zombies (Ossuary)
  A scorpion (D:5)
  5 wights (D:2)
  2 centaur skeletons
  3 hounds
  A jelly (D:6)
  3 human zombies (Ossuary)
  An orc priest (D:5)
  5 orc wizards
  A worker ant (D:4)
  2 mummies (Ossuary)
  8 adders
  A gnoll (D:1)
  A white imp (D:4)
  2 ufetubi
  An adder skeleton (D:5)
  2 worms
  2 dart slugs
  6 leopard geckos
  14 orcs
  A ball python (D:2)
  5 giant cockroaches
  12 hobgoblins
  9 jackals
  6 kobolds
  A quokka (D:6)
  12 bats
  2 frilled lizards
  5 goblins
  A goblin zombie (Ossuary)
  15 hobgoblin zombies (Ossuary)
  A jackal zombie (Ossuary)
  7 kobold zombies (Ossuary)
  6 orc zombies (Ossuary)
  A quokka zombie (D:6)
  8 rats
  A rat zombie (Ossuary)
167 creatures vanquished.

Notes
Turn   | Place    | Note
-------+----------+-------------------------------------------
     0 | D:1      | grulito the Minotaur Berserker began the quest for the Orb.
     0 | D:1      | Reached XP level 1. HP: 19/19 MP: 0/0
    65 | D:1      | Reached skill level 4 in Axes
    88 | D:1      | Reached XP level 2. HP: 25/26 MP: 1/1
   793 | D:1      | Reached skill level 5 in Axes
   844 | D:1      | Reached XP level 3. HP: 31/31 MP: 2/2
  1225 | D:2      | Reached ** piety under Trog
  1283 | D:2      | Reached skill level 6 in Axes
  1283 | D:2      | Reached XP level 4. HP: 17/39 MP: 3/3
  1293 | D:2      | Reached skill level 7 in Axes
  1293 | D:2      | Reached XP level 5. HP: 12/45 MP: 4/4
  1597 | D:2      | Reached skill level 8 in Axes
  2015 | D:2      | Reached XP level 6. HP: 51/51 MP: 5/5
  2860 | D:3      | Found a runed translucent gate.
  2861 | D:3      | Found a runed translucent gate.
  2862 | D:3      | Found a runed translucent gate.
  2863 | D:3      | Noticed skk's ghost (amateur TeGl)
  2867 | D:3      | Identified the +7 spear of the Unspeakable One {vorpal,
                  | Dex+5 Stlth-}
  2867 | D:3      | Identified the +2 scale mail "Uhivveu" {-Cast rF+ rC++}
  2868 | D:3      | Found a roughly hewn altar of Beogh.
  2893 | D:3      | Reached *** piety under Trog
  2991 | D:3      | Found a faded altar of an unknown god.
  3135 | D:3      | Reached skill level 9 in Axes
  3767 | D:4      | Reached XP level 7. HP: 55/57 MP: 6/6
  3969 | D:4      | Reached skill level 10 in Axes
  4195 | D:4      | Found a staircase to the Ecumenical Temple.
  4366 | D:5      | Entered Level 5 of the Dungeon
  4490 | D:5      | Noticed Grinder
  4493 | D:5      | Killed Grinder
  4494 | D:5      | Reached skill level 11 in Axes
  4579 | D:5      | Found a broken altar of Ashenzari.
  4596 | D:5      | Reached **** piety under Trog
  4597 | D:5      | Reached XP level 8. HP: 64/64 MP: 7/7
  4802 | D:5      | Reached skill level 12 in Axes
  5009 | D:5      | Found a sand-covered staircase.
  5022 | Ossuary  | Entered an ossuary
  5176 | Ossuary  | Reached skill level 13 in Axes
  5177 | Ossuary  | Reached ***** piety under Trog
  5342 | D:6      | Reached skill level 1 in Shields
  5459 | D:6      | Reached XP level 9. HP: 72/72 MP: 8/8
  5479 | D:6      | Paralysed by a centaur for 6 turns
  5491 | D:6      | Shot with an arrow by a centaur

Illustrated notes

Levels and vault maps discovered:
D:1:      lightli_arrival_statuegarden, layout_basic
D:2:      layout_loops_ring, roderic_roman_lattice
D:3:      layout_rooms, biasface_ghost_orc_armoury,
          chequers_ecumenical_altar_island
D:4:      layout_loops_cross, minmay_temple_entry_from_below_a,
          grunt_ministairs_4
D:5:      layout_gridville, enter_ossuary_1, cheibrodos_ashenzari_chains,
          uniq_grinder
D:6:      hangedman_cross_stitches, layout_loops_ring, kennysheep_mini_moat,
          minmay_ruined_shrine

Skill      XL: |  1  2  3  4  5  6  7  8 |
---------------+-------------------------+-----
Axes           | 4 5 6 7 8 9 11 13 | 13.5
Fighting       | 4 |  4.9
Shields        | 1 |  1.5
Armour         | |  2.4
Dodging        | |  2.1
Stealth        | |  0.5
Evocations     | |  0.1

Action                   |  1- 3 |  4- 6 |  7- 9 || total
-------------------------+-------+-------+-------++-------
Melee: Hand axe          |    71 |   163 |   177 ||   411
       Headbutt          |    10 |    20 |    52 ||    82
Invok: Berserk           |       |     5 |     7 ||    12
Evoke: Wand              |       |       |     2 ||     2
  Use: Scroll            |       |       |    11 ||    11
       Potion            |       |       |     1 ||     1
Armor: Animal skin       |     2 |       |       ||     2
       Leather armour    |     7 |       |       ||     7
       Ring mail         |    11 |    44 |       ||    55
       Scale mail        |       |    19 |    39 ||    58
Dodge: Dodged            |    39 |    78 |    53 ||   170
Block: Kite shield       |       |       |    44 ||    44
